[Event "Titled Tuesday Blitz February 01 A 2022"]
[White "Janaszak, Dawid"]
[Black "Alonso Rosell, Alvar"]
[WhiteFideId "1119206"]
[BlackFideId "2270544"]
[WhiteElo "2199"]
[BlackElo "2518"]
[Result "0-1"]
[Round "11"]
[TimeControl "180+1"]
[Date "2022.02.01"]
[WhiteClock "0:00:08"]
[BlackClock "0:00:38"]

1. e4 c6 2. d4 d5 3. exd5 cxd5 4. Bd3 Nc6 5. c3 Nf6 6. Bf4 Bg4 7. Qb3 Qd7 8. Nd2 e6 9. Ngf3 Bxf3 10. Nxf3 Bd6 11. Bxd6 Qxd6 12. O-O O-O 13. Rae1 Qc7 14. Qc2 g6 15. Qd2 a6 16. Qh6 Rfe8 17. Ng5 Qe7 18. f4 Qf8 19. Qh4 Qg7 20. g4 b5 21. a3 Rab8 22. Re3 h6 23. Nf3 a5 24. b4 axb4 25. axb4 Ne7 26. Rfe1 Ne4 27. Bxe4 dxe4 28. Rxe4 Nd5 29. g5 h5 30. Ne5 Nxc3 31. R4e3 Nd5 32. Ra3 Rb7 33. Rb1 Qf8 34. Qf2 Nxb4 35. Rab3 Nd5 36. Rxb5 Rxb5 37. Rxb5 Qa3 38. Rb1 Rc8 39. f5 exf5 40. Qf3 Qa2 41. Rf1 Rc3 42. Qg2 Qxg2+ 43. Kxg2 Ne3+ 0-1


[Site "https://www.chess.com"]

[Event "Titled Tuesday Blitz February 01 A 2022"]
[White "Jobava, Baadur"]
[Black "Savchenko, Boris"]
[WhiteFideId "13601520"]
[BlackFideId "4147332"]
[WhiteElo "2617"]
[BlackElo "2512"]
[Result "0-1"]
[Round "11"]
[TimeControl "180+1"]
[Date "2022.02.01"]
[WhiteClock "0:00:20"]
[BlackClock "0:00:10"]

1. b3 c5 2. Bb2 Nf6 3. Bxf6 gxf6 4. c4 d5 5. cxd5 Qxd5 6. Nc3 Qd6 7. g3 f5 8. Bg2 Bg7 9. Rc1 Na6 10. Nf3 O-O 11. O-O Rb8 12. a4 Nb4 13. d3 b6 14. Nd2 a6 15. Nc4 Qe6 16. Qd2 Bh6 17. f4 Rd8 18. Ne5 Bg7 19. Qe3 Bb7 20. Bf3 Bxf3 21. Rxf3 h6 22. Rb1 Bxe5 23. fxe5 Nc6 24. a5 b5 25. Qxc5 Nd4 26. Rf2 Rbc8 27. Qb4 Nc2 28. Qf4 Rxc3 29. Rbf1 Nd4 30. e3 Nc6 31. d4 Rxb3 32. g4 fxg4 33. Qe4 Qg6 34. Qg2 Rxe3 35. Rxf7 Nxd4 36. Rxe7 Nf3+ 37. Kh1 Rxe5 38. Ra7 Re1 39. Rxe1 Nxe1 40. Qa2+ Kf8 41. Qe2 Qc6+ 42. Kg1 Nf3+ 43. Kf1 Qc1+ 0-1


[Site "https://www.chess.com"]

[Event "Titled Tuesday Blitz February 01 A 2022"]
[White "Kobalia, Mikhail"]
[Black "Hakemi, Arman"]
[WhiteFideId "4119150"]
[BlackFideId "22520805"]
[WhiteElo "2667"]
[BlackElo "2208"]
[Result "1-0"]
[Round "11"]
[TimeControl "180+1"]
[Date "2022.02.01"]
[WhiteClock "0:01:57"]
[BlackClock "0:02:06"]

1. e4 c5 2. Nf3 e6 3. g3 Nc6 4. Bg2 d5 5. exd5 exd5 6. O-O Bg4 7. h3 Bh5 8. d4 Nf6 9. g4 Bg6 10. Re1+ Be7 11. dxc5 O-O 12. Be3 Ne4 13. Nc3 Nxc3 14. bxc3 Qa5 15. Nd4 Qxc3 16. Nxc6 bxc6 17. Bd4 Qc4 18. Rxe7 Bxc2 19. Qd2 Rfe8 20. Rxe8+ Rxe8 21. Rc1 Re2 22. Qg5 1-0


[Site "https://www.chess.com"]

[Event "Titled Tuesday Blitz February 01 A 2022"]
[White "Kosakowski, Jakub"]
[Black "Aradhya, Garg"]
[WhiteFideId "1185080"]
[BlackFideId "25006746"]
[WhiteElo "2476"]
[BlackElo "2169"]
[Result "1-0"]
[Round "11"]
[TimeControl "180+1"]
[Date "2022.02.01"]
[WhiteClock "0:00:12"]
[BlackClock "0:00:15"]

1. c3 d5 2. d4 Nf6 3. Nf3 c5 4. Bf4 Qb6 5. Qb3 Nc6 6. e3 c4 7. Qc2 Bf5 8. Qc1 e6 9. Nbd2 Qd8 10. Be2 Be7 11. h3 O-O 12. Nh4 Be4 13. O-O b5 14. Bh2 h6 15. Nxe4 dxe4 16. g3 e5 17. Nf5 Re8 18. g4 Bf8 19. a4 a6 20. Qc2 g6 21. Ng3 exd4 22. exd4 Qd5 23. Rfe1 b4 24. Nf1 Na5 25. Ne3 Qc6 26. Bf1 Rac8 27. Bg2 b3 28. Qe2 Bd6 29. f4 exf3 30. Bxf3 Bxh2+ 31. Kxh2 Qd6+ 32. Kg2 Ne4 33. Bxe4 Rxe4 34. Qf3 Qe6 35. d5 Qe5 36. d6 Rf4 37. Nd5 Qxe1 38. Rxe1 Rxf3 39. Kxf3 Rd8 40. d7 Kg7 41. Nb6 Nb7 42. Re4 Nc5 43. Rd4 Kf6 44. Rd5 Nd3 45. Nxc4 Ne1+ 46. Ke2 Nc2 47. Na5 Ke6 48. Nc6 Kxd5 49. Nxd8 Kd6 50. Nxf7+ Kxd7 51. Ne5+ Ke6 52. Nxg6 Kf6 53. Nf4 Kg5 54. Nd3 Kh4 55. Nf4 Kg3 56. Nd5 Kxh3 57. Nf6 Kh4 58. Kd3 Kg5 59. Ng8 Ne1+ 60. Kc4 Nf3 61. Kxb3 Ne5 62. c4 Nxg4 63. Nxh6 Kxh6 64. Kb4 Ne5 65. c5 Nc6+ 66. Kc4 Kg7 67. b4 Kf7 68. b5 axb5+ 69. axb5 Nd8 70. c6 Ke7 71. Kc5 Ne6+ 72. Kb6 Kd6 73. Kb7 Nc5+ 74. Ka7 Ne6 75. b6 Nd8 76. c7 Nc6+ 77. Kb7 Ne7 78. c8=Q Nxc8 79. Kxc8 Kc6 80. b7 Kd5 81. b8=Q Ke4 82. Kd7 Kf5 83. Qb6 Kg5 84. Ke7 Kf4 85. Qc5 Ke4 86. Ke6 Kd3 87. Qb4 Ke2 88. Qb3 Kf2 89. Ke5 Kg2 90. Ke4 Kh2 91. Kf4 Kg2 92. Qe3 Kf1 93. Qd2 Kg1 94. Kg3 Kf1 95. Qd1# 1-0


[Site "https://www.chess.com"]

[Event "Titled Tuesday Blitz February 01 A 2022"]
[White "Kushagra, Mohan"]
[Black "Papp, Levente"]
[WhiteFideId "25033638"]
[BlackFideId "751243"]
[WhiteElo "1886"]
[BlackElo "2308"]
[Result "1-0"]
[Round "11"]
[TimeControl "180+1"]
[Date "2022.02.01"]
[WhiteClock "0:00:32"]
[BlackClock "0:00:08"]

1. e4 e6 2. d4 d5 3. Nd2 Nf6 4. e5 Nfd7 5. Bd3 c5 6. c3 Nc6 7. Ne2 cxd4 8. cxd4 f6 9. exf6 Nxf6 10. O-O Bd6 11. Nf3 O-O 12. Bf4 Bxf4 13. Nxf4 Ng4 14. Qd2 Qf6 15. Nh5 Qh6 16. Qxh6 Nxh6 17. Rac1 Bd7 18. Rfe1 Nf5 19. Bxf5 Rxf5 20. Ng3 Rf4 21. Ne2 Rf5 22. Nc3 g5 23. Rcd1 Raf8 24. Rd2 Rf4 25. Ne2 R4f5 26. Ng3 Rf4 27. Ne2 R4f5 28. h3 h6 29. Red1 Be8 30. Ng3 Rf4 31. Ne2 R4f5 32. Re1 R5f6 33. Nc3 Ne7 34. Ne5 Nf5 35. Rc1 Nd6 36. f3 h5 37. b3 h4 38. Nd1 Nf5 39. Rc7 Bc6 40. Nf2 Ng3 41. Nfg4 Rf4 42. Nh6+ 1-0


[Site "https://www.chess.com"]

[Event "Titled Tuesday Blitz February 01 A 2022"]
[White "Le, Tuan Minh"]
[Black "Sviridov, Valery"]
[WhiteFideId "12401153"]
[BlackFideId "4120680"]
[WhiteElo "2450"]
[BlackElo "2454"]
[Result "1/2-1/2"]
[Round "11"]
[TimeControl "180+1"]
[Date "2022.02.01"]
[WhiteClock "0:00:00"]
[BlackClock "0:00:13"]

1. d4 g6 2. e4 Bg7 3. Nf3 d6 4. Bd3 e6 5. O-O b6 6. Re1 Bb7 7. a4 a6 8. Nbd2 Ne7 9. Nf1 O-O 10. Ng3 Nd7 11. c3 h6 12. Bc2 c5 13. Be3 cxd4 14. Bxd4 e5 15. Be3 d5 16. Qd2 Kh7 17. Rad1 Qc7 18. h4 Rad8 19. h5 dxe4 20. hxg6+ fxg6 21. Nh2 Nf6 22. Qe2 Nf5 23. Ng4 Nxe3 24. Nxf6+ Bxf6 25. Qxe3 Bg5 26. Qe2 e3 27. fxe3 Kg7 28. Ne4 Bh4 29. Rf1 Rxd1 30. Qxd1 Rxf1+ 31. Qxf1 Bxe4 32. Bxe4 Bg5 33. Qd3 Qf7 34. Bf3 a5 35. e4 Qe7 36. Kf1 h5 37. Qd5 Be3 38. Ke2 Bc5 39. Kd3 Kh6 40. Kc4 Qf6 41. b4 axb4 42. cxb4 Bd4 43. Kb5 g5 44. a5 bxa5 45. bxa5 g4 46. Be2 Kg5 47. g3 Bf2 48. Qd2+ Kg6 49. Qd7 Bxg3 50. Bxg4 hxg4 51. Qxg4+ Qg5 52. Qe6+ Kh5 53. Qh3+ Qh4 54. Qf5+ Qg5 55. Qh3+ Kg6 56. Qe6+ Kg7 57. Qd7+ Kf8 58. a6 Bf2 59. Qc8+ Kg7 60. Qd7+ Kg6 61. Qe6+ Qf6 62. Qg4+ Kf7 63. Qd7+ Kf8 64. Qc8+ Kg7 65. Qd7+ Kh6 66. Qh3+ Kg6 67. Qg4+ Kf7 68. Qd7+ Kf8 69. Qc8+ Ke7 70. Qc7+ Ke8 71. Qc8+ Qd8 72. Qe6+ Qe7 73. Qc8+ Qd8 74. Qe6+ Qe7 75. Qc8+ Kf7 76. Qf5+ Qf6 77. Qd7+ 1/2-1/2


[Site "https://www.chess.com"]

[Event "Titled Tuesday Blitz February 01 A 2022"]
[White "Maksimovic, Bojan"]
[Black "Zhurikhin, Alexander"]
[WhiteFideId "14408120"]
[BlackFideId "4139569"]
[WhiteElo "2450"]
[BlackElo "2204"]
[Result "1-0"]
[Round "11"]
[TimeControl "180+1"]
[Date "2022.02.01"]
[WhiteClock "0:00:03"]
[BlackClock "0:00:01"]

1. Nf3 Nf6 2. g3 g6 3. Bg2 Bg7 4. O-O O-O 5. d4 d6 6. c4 Nbd7 7. Nc3 e5 8. e4 a6 9. h3 b5 10. Re1 bxc4 11. dxe5 Nxe5 12. Nxe5 dxe5 13. Nd5 Nxd5 14. exd5 Bf5 15. Bf1 Qd7 16. g4 Bd3 17. Bxd3 cxd3 18. Qxd3 Rfd8 19. Rd1 c6 20. d6 Qe6 21. Be3 e4 22. Qd2 h5 23. gxh5 Qxh3 24. hxg6 Be5 25. Bf4 Rxd6 26. Qxd6 Bxd6 27. Rxd6 Qg4+ 28. Bg3 fxg6 29. Re1 Kg7 30. Rd4 Re8 31. Re3 Re5 32. b3 a5 33. Kf1 Re7 34. Rc4 Re6 35. Ke1 Qh5 36. Kd2 Qh1 37. Rc1 Qh5 38. Kc2 a4 39. Kb2 Qa5 40. Rc4 a3+ 41. Kc2 Qd5 42. Ra4 Re8 43. Ra7+ 1-0


[Site "https://www.chess.com"]

[Event "Titled Tuesday Blitz February 01 A 2022"]
[White "Martinez Alcantara, Jose Eduardo"]
[Black "Bortnyk, Olexandr"]
[WhiteFideId "3805662"]
[BlackFideId "14120828"]
[WhiteElo "2690"]
[BlackElo "2723"]
[Result "1-0"]
[Round "11"]
[TimeControl "180+1"]
[Date "2022.02.01"]
[WhiteClock "0:00:07"]
[BlackClock "0:00:11"]

1. e4 Nf6 2. e5 Nd5 3. d4 d6 4. Nf3 dxe5 5. Nxe5 c6 6. c4 Nb4 7. Be3 Bf5 8. Na3 Nd7 9. Nf3 e5 10. Be2 e4 11. Nd2 Nd3+ 12. Bxd3 exd3 13. O-O Bxa3 14. bxa3 O-O 15. Qf3 Bg6 16. Rab1 Nb6 17. c5 Nd5 18. Rxb7 Qa5 19. Rb3 Nxe3 20. Qxe3 Rae8 21. Qf4 Re2 22. Rd1 Rfe8 23. h4 h6 24. Kh2 Qa4 25. Rdb1 Kh7 26. R1b2 Rd8 27. h5 Rxd4 28. hxg6+ fxg6 29. Qf3 Rh4+ 30. Kg3 Rh5 31. Rb4 Qd1 32. Qxd3 Qg1 33. Qxe2 Qh2+ 34. Kf3 Rf5+ 35. Ke3 Rd5 36. Ne4 Re5 37. Qf3 Qh1 38. Rb1 Qh4 39. g3 Qd8 40. Ke2 Rf5 41. Qe3 Qd5 42. R1b2 Re5 43. Rd4 Qe6 44. Rbd2 a5 45. f3 Qh3 46. Rd7 Kh8 47. Rd8+ Kh7 48. Nf6+ gxf6 49. R2d7+ Qxd7 50. Rxd7+ Kg8 51. Qxe5 fxe5 52. Rd6 1-0


[Site "https://www.chess.com"]

[Event "Titled Tuesday Blitz February 01 A 2022"]
[White "Molina, Roberto Junio Brito"]
[Black "Sadhwani, Raunak"]
[WhiteFideId "2109450"]
[BlackFideId "35093487"]
[WhiteElo "2402"]
[BlackElo "2616"]
[Result "0-1"]
[Round "11"]
[TimeControl "180+1"]
[Date "2022.02.01"]
[WhiteClock "0:00:10"]
[BlackClock "0:00:22"]

1. d4 Nf6 2. Nf3 g6 3. e3 Bg7 4. Be2 O-O 5. O-O d6 6. c4 Nbd7 7. Nc3 e5 8. b4 Re8 9. Bb2 exd4 10. Nxd4 Ne5 11. Nf3 c6 12. Qd2 Bg4 13. Nxe5 dxe5 14. Rfd1 Bxe2 15. Qxd8 Raxd8 16. Nxe2 e4 17. c5 Nd5 18. Bxg7 Kxg7 19. a3 Nc7 20. Nc3 f5 21. Kf1 Ne6 22. Ke2 Kf6 23. Rxd8 Rxd8 24. Rd1 Rxd1 25. Kxd1 Ke5 26. g3 g5 27. Kc2 f4 28. g4 f3 29. h3 Ng7 30. Na4 h5 31. gxh5 Nxh5 32. Kd2 Nf6 33. Nb2 Kd5 34. Kc3 a5 35. Nd1 a4 36. Kd2 Ke5 37. Nc3 Kf5 38. Nxa4 Kg6 39. Nb6 Kh5 40. Nc4 Kh4 41. Nd6 Kxh3 42. Ke1 g4 43. Nf5 Nd5 44. Kf1 Nc3 45. Ng3 Kh4 46. Nf5+ Kg5 47. Nd6 g3 48. fxg3 Kg4 49. Nxb7 Nd1 50. Nd6 Nxe3+ 51. Kf2 Nd1+ 52. Ke1 f2+ 53. Ke2 e3 54. Ne4 Kf5 55. Nxf2 exf2 56. a4 Kg4 57. b5 Kxg3 58. bxc6 Ne3 59. c7 f1=Q+ 60. Kxe3 Qa6 61. Kd4 Qxa4+ 62. Kd5 Qd7+ 63. Kc4 Qxc7 64. Kb5 Kf4 0-1


[Site "https://www.chess.com"]

[Event "Titled Tuesday Blitz February 01 A 2022"]
[White "Murzin, Volodar"]
[Black "Khegay, Dmitriy"]
[WhiteFideId "44155573"]
[BlackFideId "24153729"]
[WhiteElo "2585"]
[BlackElo "2457"]
[Result "1/2-1/2"]
[Round "11"]
[TimeControl "180+1"]
[Date "2022.02.01"]
[WhiteClock "0:00:06"]
[BlackClock "0:01:45"]

1. e4 g6 2. d4 Bg7 3. Nf3 c6 4. Bd3 d5 5. e5 Bg4 6. Nbd2 e6 7. h3 Bxf3 8. Nxf3 Nd7 9. O-O c5 10. c3 Ne7 11. Be3 O-O 12. Qd2 Nc6 13. Rac1 Qa5 14. a3 cxd4 15. cxd4 Qxd2 16. Nxd2 Rfc8 17. Nb3 Bf8 18. Rc2 Ne7 19. Rfc1 Rxc2 20. Rxc2 Rc8 21. g4 Rxc2 22. Bxc2 Nc6 23. Kf1 Nb6 24. Nd2 Be7 25. f4 f5 26. Ke2 Kf7 27. Nf3 Nc4 28. Bc1 b5 29. Bd1 a5 30. a4 b4 31. b3 Nb6 32. Kd3 Nd7 33. Be3 Bd8 34. Be2 h6 35. Kd2 Na7 36. Ke1 Be7 37. Kf2 Nb8 38. Kg3 Nd7 39. gxf5 exf5 40. Ne1 Nf8 41. Bf3 Ke6 42. h4 h5 43. Nd3 Nc6 44. Nc1 Bd8 45. Ne2 Bb6 46. Kf2 Ne7 47. Ke1 Kd7 48. Bf2 Ne6 49. Kd2 Kc6 50. Kd3 Ng8 51. Bg3 Nh6 52. Bf2 Ng4 53. Bg3 Bd8 54. Bg2 Be7 55. Ng1 Bf8 56. Ne2 Bh6 57. Bf3 Bf8 58. Bg2 Be7 59. Bf3 Nh6 60. Bg2 Bd8 61. Bf3 Bb6 62. Bg2 Ng8 63. Bf3 Ne7 64. Bg2 Kd7 65. Bf2 Nc7 66. Bg3 Nc6 67. Bf2 Ke6 68. Bg3 1/2-1/2


[Site "https://www.chess.com"]

[Event "Titled Tuesday Blitz February 01 A 2022"]
[White "Neiksans, Arturs"]
[Black "Domingo Nunez, Alejandro"]
[WhiteFideId "11601388"]
[BlackFideId "22245561"]
[WhiteElo "2447"]
[BlackElo "2215"]
[Result "1-0"]
[Round "11"]
[TimeControl "180+1"]
[Date "2022.02.01"]
[WhiteClock "0:00:26"]
[BlackClock "0:00:05"]

1. e4 g6 2. d4 Bg7 3. h4 h5 4. Bc4 c6 5. Nc3 b5 6. Bxf7+ Kxf7 7. Nf3 d6 8. Ng5+ Ke8 9. Qf3 Nh6 10. Qg3 Bxd4 11. Nf3 Bxc3+ 12. bxc3 Bg4 13. Nd4 e5 14. Nb3 Qf6 15. f3 Bd7 16. Bg5 Qe6 17. Rd1 Nf7 18. Bc1 Na6 19. Ba3 Kf8 20. O-O Kg7 21. Bc1 Rhf8 22. Be3 c5 23. Rd2 Bc6 24. Rfd1 Rad8 25. Qf2 Rd7 26. Na5 Ba8 27. Nb3 Rfd8 28. Qe2 Nc7 29. Kh2 Qe7 30. Qf2 Ne6 31. Qg3 Nf4 32. Nc1 Kh7 33. Nd3 Nxd3 34. cxd3 Bc6 35. d4 cxd4 36. cxd4 exd4 37. Bxd4 Re8 38. Qf4 Qe6 39. Kh1 Ne5 40. Be3 Rf7 41. Qh6+ Kg8 42. Bd4 Qf6 43. Rf2 Qxh4+ 44. Kg1 Qf6 45. Bb2 Ng4 46. Qd2 Qh4 47. fxg4 Rxf2 48. Qxf2 Qxf2+ 49. Kxf2 Rxe4 50. Rxd6 Rf4+ 51. Ke3 Re4+ 52. Kd3 Rc4 53. Rxg6+ Kh7 54. Rg7+ Kh6 55. g5# 1-0


[Site "https://www.chess.com"]

[Event "Titled Tuesday Blitz February 01 A 2022"]
[White "Ostrovskiy, Andrey"]
[Black "Postny, Evgeny"]
[WhiteFideId "14110326"]
[BlackFideId "2804344"]
[WhiteElo "2469"]
[BlackElo "2483"]
[Result "1/2-1/2"]
[Round "11"]
[TimeControl "180+1"]
[Date "2022.02.01"]
[WhiteClock "0:00:19"]
[BlackClock "0:00:10"]

1. e4 c5 2. Nf3 d6 3. d4 cxd4 4. Nxd4 Nf6 5. Nc3 g6 6. Be2 Bg7 7. O-O O-O 8. Re1 Nc6 9. Nb3 a5 10. Bb5 Bd7 11. Bg5 Ne5 12. a4 Rc8 13. Nd5 Nxd5 14. exd5 Bxb5 15. axb5 Qb6 16. Be3 Qxb5 17. Rxa5 Qd7 18. Bd4 Rfe8 19. f4 Ng4 20. Bxg7 Kxg7 21. Qd4+ Nf6 22. c4 Qf5 23. Rb5 Rc7 24. Na5 Rec8 25. h3 h5 26. Rxb7 Rxb7 27. Nxb7 Qc2 28. Na5 Ra8 29. b4 Kf8 30. Qe3 Re8 31. b5 Qa2 32. Qc3 h4 33. Nc6 Kg7 34. b6 Qa6 35. Rb1 Qb7 36. Qd4 Ra8 37. Re1 Re8 38. Ra1 Ra8 39. Rxa8 Qxa8 40. Qb2 Qb7 41. Na5 Qa6 42. b7 Qxa5 43. b8=Q Qe1+ 44. Kh2 Qg3+ 45. Kg1 Qe1+ 46. Kh2 Qg3+ 47. Kg1 Qe1+ 1/2-1/2


[Site "https://www.chess.com"]

[Event "Titled Tuesday Blitz February 01 A 2022"]
[White "Pranav, V"]
[Black "Pakleza, Zbigniew"]
[WhiteFideId "25060783"]
[BlackFideId "1119290"]
[WhiteElo "2349"]
[BlackElo "2467"]
[Result "1-0"]
[Round "11"]
[TimeControl "180+1"]
[Date "2022.02.01"]
[WhiteClock "0:01:19"]
[BlackClock "0:00:37"]

1. e4 d6 2. d4 Nf6 3. Nc3 c6 4. Nf3 Bg4 5. h3 Bh5 6. Bc4 e6 7. O-O d5 8. Bd3 Be7 9. Re1 O-O 10. Bf4 Nbd7 11. e5 Ne8 12. g4 Bg6 13. Bxg6 fxg6 14. Bg3 c5 15. Kg2 Nc7 16. h4 Rc8 17. Ne2 cxd4 18. Nexd4 Nb8 19. h5 gxh5 20. gxh5 Nc6 21. c3 Qd7 22. Qd3 Bc5 23. Ng5 g6 24. hxg6 h6 25. Nh7 Be7 26. Nxf8 Rxf8 27. Rh1 Bg5 28. Ne2 Kg7 29. f4 Bd8 30. Rxh6 1-0


[Site "https://www.chess.com"]

[Event "Titled Tuesday Blitz February 01 A 2022"]
[White "Santos Ruiz, Miguel"]
[Black "Zhigalko, Sergei"]
[WhiteFideId "22291482"]
[BlackFideId "13502956"]
[WhiteElo "2486"]
[BlackElo "2662"]
[Result "1-0"]
[Round "11"]
[TimeControl "180+1"]
[Date "2022.02.01"]
[WhiteClock "0:00:43"]
[BlackClock "0:00:01"]

1. e4 c5 2. Nf3 Nc6 3. c3 Nf6 4. Qc2 e5 5. d3 Be7 6. Be2 O-O 7. O-O d5 8. a3 Be6 9. b4 a6 10. Nbd2 Rc8 11. Qb1 cxb4 12. axb4 d4 13. cxd4 Nxd4 14. Nxd4 Qxd4 15. Nf3 Qxb4 16. Nxe5 Rfd8 17. Be3 h6 18. d4 Rxd4 19. Bxd4 Qxd4 20. Qxb7 Bc5 21. Nd3 Bf8 22. Nf4 Bd7 23. Rfd1 Qe5 24. Nd5 Nxd5 25. Qxd5 Qxd5 26. exd5 1-0


[Site "https://www.chess.com"]

[Event "Titled Tuesday Blitz February 01 A 2022"]
[White "Sasikiran, Krishnan"]
[Black "Terry, Renato"]
[WhiteFideId "5004985"]
[BlackFideId "3803457"]
[WhiteElo "2572"]
[BlackElo "2577"]
[Result "1/2-1/2"]
[Round "11"]
[TimeControl "180+1"]
[Date "2022.02.01"]
[WhiteClock "0:00:18"]
[BlackClock "0:00:06"]

1. e4 e6 2. d4 d5 3. Nc3 Nf6 4. e5 Nfd7 5. f4 c5 6. Nf3 Nc6 7. Be3 Be7 8. Qd2 O-O 9. Bd3 f6 10. exf6 Bxf6 11. Bb5 cxd4 12. Nxd4 Bxd4 13. Bxd4 e5 14. Bxe5 Ndxe5 15. fxe5 d4 16. Ne2 Qd5 17. Ba4 Qxg2 18. O-O-O Bg4 19. Nxd4 Qxd2+ 20. Rxd2 Nxe5 21. Re1 Nf3 22. Nxf3 Bxf3 23. Re7 Rad8 24. c4 h5 25. c5 h4 26. Bd7 Kh7 27. b4 Kh6 28. Rd6+ Rf6 29. Rxf6+ gxf6 30. b5 Rg8 31. c6 bxc6 32. bxc6 Rg5 33. Re6 Rc5+ 34. Kd2 Kg5 35. Ke3 Bh1 36. Kd4 Rc1 37. a4 a5 38. Rd6 Kg6 39. Be8+ Kg5 40. Bd7 Kg6 41. Be8+ Kg5 42. Bd7 1/2-1/2


[Site "https://www.chess.com"]

[Event "Titled Tuesday Blitz February 01 A 2022"]
[White "Shipov, Sergei"]
[Black "Orozbaev, Eldiar"]
[WhiteFideId "4113624"]
[BlackFideId "13802240"]
[WhiteElo "2744"]
[BlackElo "2050"]
[Result "0-1"]
[Round "11"]
[TimeControl "180+1"]
[Date "2022.02.01"]
[WhiteClock "0:00:34"]
[BlackClock "0:01:06"]

1. d4 Nf6 2. c4 c5 3. d5 b5 4. cxb5 a6 5. e3 axb5 6. Bxb5 g6 7. Nc3 Bg7 8. a4 Ba6 9. Nge2 O-O 10. O-O d6 11. Ra3 Nbd7 12. Bxa6 Rxa6 13. Nb5 c4 14. f3 Ne5 15. e4 Nd3 16. Ned4 e5 17. Nc6 Qb6+ 18. Kh1 Nf2+ 19. Rxf2 Qxf2 20. Nxd6 Nd7 21. Nxc4 f5 22. Be3 Qh4 23. Nd2 Nf6 24. exf5 Nxd5 25. Bc5 Rxc6 26. Bxf8 Bxf8 27. Ra1 gxf5 28. a5 Qd4 29. a6 Rc7 30. h3 Nf4 31. Qb3+ Kg7 32. Qb8 Bd6 33. a7 Qxd2 34. Rg1 Rc1 35. Qb6 Qxg2# 0-1


[Site "https://www.chess.com"]

[Event "Titled Tuesday Blitz February 01 A 2022"]
[White "Starozhilov, Leonid"]
[Black "Kopylov, Alexander A."]
[WhiteFideId "14106752"]
[BlackFideId "4164857"]
[WhiteElo "2414"]
[BlackElo "2436"]
[Result "0-1"]
[Round "11"]
[TimeControl "180+1"]
[Date "2022.02.01"]
[WhiteClock "0:00:01"]
[BlackClock "0:00:17"]

1. e4 c6 2. g3 d5 3. exd5 cxd5 4. d4 Nc6 5. Bg2 h5 6. h4 Bg4 7. Qd3 Nf6 8. c3 e5 9. dxe5 Nxe5 10. Qb5+ Bd7 11. Qe2 Qe7 12. Be3 Nfg4 13. Nf3 Nxe3 14. fxe3 Ng4 15. Kd2 O-O-O 16. Na3 Rh6 17. Nd4 Rb6 18. Rab1 g6 19. Bf3 Ne5 20. Rhe1 Qe8 21. Bxd5 Bg4 22. Qg2 Qa4 23. Nac2 Qa6 24. Qe4 Re8 25. Qg2 Qd3+ 26. Kc1 Bh6 27. Be4 Qc4 28. Qd2 Rd6 29. b3 Qa6 30. Kb2 f5 31. Nb4 Qb6 32. Bd3 a5 33. Nbc2 Nf3 34. Nxf3 Bxf3 35. Qf2 Rxd3 36. Qxf3 Bxe3 37. Rxe3 Rexe3 38. Nxe3 Qxe3 39. Qxe3 Rxe3 40. Rg1 Kc7 41. a4 Kc6 42. Kc2 b6 43. Kd2 Rf3 44. Rg2 Kd5 45. Kc2 Ke4 46. Re2+ Re3 47. Rxe3+ Kxe3 48. b4 Kf3 49. c4 Kxg3 50. c5 bxc5 51. b5 f4 52. b6 f3 53. b7 f2 54. b8=Q+ Kg2 55. Qb7+ Kg1 56. Qb1+ f1=Q 57. Qb6 Qf2+ 58. Kd1 Qxh4 0-1


[Site "https://www.chess.com"]

[Event "Titled Tuesday Blitz February 01 A 2022"]
[White "Stefansson, Hannes"]
[Black "Leiva, Gianmarco"]
[WhiteFideId "2300087"]
[BlackFideId "3804399"]
[WhiteElo "2416"]
[BlackElo "2328"]
[Result "0-1"]
[Round "11"]
[TimeControl "180+1"]
[Date "2022.02.01"]
[WhiteClock "0:01:43"]
[BlackClock "0:00:51"]

1. e4 c5 2. Nf3 d6 3. Bb5+ Nd7 4. d4 cxd4 5. Qxd4 a6 6. Bxd7+ Bxd7 7. O-O Nf6 8. c4 g6 9. Nc3 Bg7 10. a4 O-O 11. Qd3 Rc8 12. Be3 Ng4 13. Bd2 Ne5 14. Nxe5 Bxe5 15. Be3 Be6 16. b3 b5 17. axb5 axb5 18. Nxb5 Bxa1 19. Rxa1 Ra8 20. Rf1 Qa5 21. Bh6 Rfb8 22. f4 Bd7 23. Nd4 Qh5 24. Bg5 f6 0-1


[Site "https://www.chess.com"]

[Event "Titled Tuesday Blitz February 01 A 2022"]
[White "Svane, Frederik"]
[Black "Shimanov, Aleksandr"]
[WhiteFideId "12923044"]
[BlackFideId "4198603"]
[WhiteElo "2459"]
[BlackElo "2636"]
[Result "0-1"]
[Round "11"]
[TimeControl "180+1"]
[Date "2022.02.01"]
[WhiteClock "0:00:19"]
[BlackClock "0:00:20"]

1. e4 d5 2. exd5 Qxd5 3. Nc3 Qe5+ 4. Be2 Bg4 5. d4 Bxe2 6. Ngxe2 Qa5 7. O-O Nf6 8. b4 Qh5 9. Nf4 Qxd1 10. Rxd1 e6 11. Nb5 Na6 12. a3 c6 13. Nc3 O-O-O 14. Be3 Nc7 15. d5 Ncxd5 16. Ncxd5 exd5 17. Bxa7 Bd6 18. Nd3 Ne4 19. Bd4 f6 20. f3 Ng5 21. Re1 Rhe8 22. Bb6 Bc7 23. Bf2 Nf7 24. a4 Ne5 25. b5 Ba5 26. Reb1 Nc4 27. Nc5 b6 28. Nb3 c5 29. Nxa5 Nxa5 30. Be1 Nc4 31. a5 Kb7 32. axb6 Ra8 33. Bf2 Rxa1 34. Rxa1 Kxb6 35. c3 Re7 36. Ra8 Kxb5 37. Rc8 Ne3 38. g4 Kc4 39. h4 d4 40. cxd4 Kxd4 41. Rd8+ Kc3 42. Be1+ Kc4 43. Bf2 Nc2 44. Kg2 Nd4 45. Kg3 Rc7 46. h5 h6 47. Kf4 Ne6+ 0-1


[Site "https://www.chess.com"]

[Event "Titled Tuesday Blitz February 01 A 2022"]
[White "Svane, Rasmus"]
[Black "Vasquez Schroeder, Rodrigo"]
[WhiteFideId "4657101"]
[BlackFideId "3400042"]
[WhiteElo "2645"]
[BlackElo "2568"]
[Result "1-0"]
[Round "11"]
[TimeControl "180+1"]
[Date "2022.02.01"]
[WhiteClock "0:01:21"]
[BlackClock "0:01:58"]

1. Nf3 c5 2. c4 Nf6 3. Nc3 e6 4. g3 b6 5. Bg2 Bb7 6. O-O a6 7. d4 cxd4 8. Qxd4 d6 9. b3 Nbd7 10. Bb2 Be7 11. Rfd1 O-O 12. Rac1 Qc7 13. Nh4 Bxg2 14. Nxg2 Rad8 15. h3 Qb7 16. g4 h6 17. Qd2 b5 18. cxb5 axb5 19. Qd3 Rb8 20. Ne1 Nc5 21. Qf3 d5 22. h4 b4 23. Nb1 Nfe4 24. Ng2 f5 25. Nd2 Bd6 26. g5 hxg5 27. hxg5 Nxg5 28. Qh5 Nh7 29. Nc4 Be7 30. Ne5 Nf6 31. Qh3 Bd6 32. Nf4 Rfe8 33. Nfg6 Bxe5 34. Qh8+ Kf7 35. Nxe5+ Ke7 36. Qxg7+ Kd6 37. Nc4+ Kc6 38. Na5+ Kb6 39. Nxb7 Rg8 40. Bxf6 1-0


[Site "https://www.chess.com"]

[Event "Titled Tuesday Blitz February 01 A 2022"]
[White "Szpar, Milosz"]
[Black "Hayrapetyan, Hovik"]
[WhiteFideId "1184989"]
[BlackFideId "13302639"]
[WhiteElo "2447"]
[BlackElo "2352"]
[Result "1-0"]
[Round "11"]
[TimeControl "180+1"]
[Date "2022.02.01"]
[WhiteClock "0:00:42"]
[BlackClock "0:00:50"]

1. e4 g6 2. d4 Bg7 3. Nf3 d6 4. Bc4 Nf6 5. Qe2 O-O 6. O-O c6 7. Bb3 Bg4 8. Nbd2 e5 9. dxe5 dxe5 10. h3 Bxf3 11. Nxf3 Qe7 12. Rd1 Nbd7 13. c3 Nc5 14. Bc2 a5 15. Bg5 h6 16. Bh4 g5 17. Bg3 Nh5 18. Qe3 Nf4 19. Rd2 Rfd8 20. Rad1 Rxd2 21. Qxd2 Kf8 22. Nh2 Ke8 23. Ng4 Rd8 24. Qe1 Rxd1 25. Qxd1 Qd7 26. Qe1 Qe6 27. b3 b5 28. Ne3 Bf8 29. Nf5 h5 30. h4 g4 31. Qe3 Bd6 32. Ng7+ Kd7 33. Nxe6 Kxe6 34. b4 axb4 35. cxb4 Nd7 36. Bb3+ Ke7 37. a4 bxa4 38. Bxa4 Bxb4 39. Bxf4 Bc5 40. Bg5+ f6 41. Qd2 fxg5 42. Qxg5+ Kd6 43. Qxh5 Nf6 44. Qg6 Ke7 45. Bxc6 g3 46. Qxg3 1-0


[Site "https://www.chess.com"]